 Dungeon Crawl Stone Soup version 0.26.1-11-gd32895ea62 (webtiles) character file.

Game seed: 7524303354103099910

41209 nightchill the Spear-Bearer (level 14, -8/115 HPs)
             Began as a Merfolk Fighter on Apr 12, 2021.
             Was an Elder of Zin.
             Killed by divine providence
             ... invoked by an orc high priest
              (10 damage)
             ... on level 2 of the Orcish Mines.
             The game lasted 00:41:08 (21510 turns).

nightchill the Spear-Bearer (Merfolk Fighter)      Turns: 21510, Time: 00:41:08

Health: -8/115     AC: 14    Str: 20    XL:     14   Next: 14%
Magic:  24/24      EV: 22    Int: 11    God:    Zin [****..]
Gold:   1134       SH: 10    Dex: 14    Spells: 13/13 levels left

rFire    . . .     SeeInvis .   x - +8 spear "Methrar" {vorpal, rElec}
rCold    . . .     Faith    .   c - +0 kite shield
rNeg     . . .     Spirit   .   k - quicksilver dragon scales
rPois    +         Reflect  .   L - +1 hat {Int+3}
rElec    +         Harm     .   H - scarf {repulsion}
rCorr    .         Rampage  .   Q - +1 pair of gloves
Will     ++...                  e - +2 pair of boots
Stlth    +.........             K - amulet of magic regeneration
HPRegen  0.29/turn              C - ring of poison resistance
MPRegen  0.44/turn              N - +4 ring of evasion

@: corroded, repel missiles
A: change form in water, swift swim, stealthy swim
a: Renounce Religion, Recite, Vitalisation, Imprison, Donate Gold


You were on level 2 of the Orcish Mines.
You worshipped Zin.
Zin was greatly pleased with you.
You visited 4 branches of the dungeon, and saw 18 of its levels.

You collected 1259 gold pieces.
You donated 125 gold pieces to Zin.

Inventory:

Hand Weapons
 a - a +1 trident
 g - a +1 trident of distortion
 x - the +8 spear "Methrar" (weapon) {vorpal, rElec}
   (You found it on level 4 of the Dungeon)

   It inflicts extra damage upon your enemies.
   It insulates you from electricity.
 D - a +0 antimagic trident
Missiles
 v - 6 datura-tipped darts (quivered)
 G - 6 curare-tipped darts
Armour
 c - a +0 kite shield (worn)
 e - a +2 pair of boots (worn)
 k - quicksilver dragon scales (worn)
 H - a scarf of repulsion (worn)
 L - a +1 hat of intelligence (worn)
 Q - a +1 pair of gloves (worn)
Jewellery
 B - an uncursed amulet of faith {unknown}
 C - a ring of poison resistance (left hand)
 K - an amulet of magic regeneration (around neck)
 N - a +4 ring of evasion (right hand)
 R - an uncursed ring of wizardry
Wands
 n - a wand of flame (72)
 I - a wand of paralysis (24)
 J - a wand of enslavement (20)
Scrolls
 b - a scroll of magic mapping {unknown}
 h - 3 scrolls of enchant weapon
 l - 7 scrolls of remove curse
 m - 3 scrolls of immolation {unknown}
 p - 5 scrolls of noise
 q - 3 scrolls of amnesia
 t - 3 scrolls of blinking
 A - a scroll of silence
 E - 8 scrolls of teleportation
 F - a scroll of fog {unknown}
 M - a scroll of fear {unknown}
 U - a scroll of random uselessness {unknown}
Potions
 d - a potion of might
 f - 4 potions of curing
 i - a potion of invisibility
 j - 3 potions of heal wounds
 o - a potion of mutation
 r - a potion of resistance
 s - 3 potions of degeneration
 u - 2 potions of attraction
 z - 4 potions of brilliance
 S - 2 potions of magic
 T - a potion of flight


   Skills:
 + Level 12.2 Fighting
 - Level 14.0 Polearms
 + Level 6.9 Armour
 - Level 13.9 Dodging
 * Level 5.3 Shields
 * Level 13.3 Invocations


You had 13 spell levels left.
You didn't know any spells.
Your spell library contained the following spells:

 Spells                   Type           Power        Failure   Level
 Corona                   Hex            0%           89%         1
 Foxfire                  Conj/Fire      0%           89%         1
 Magic Dart               Conj           0%           89%         1
 Sandblast                Erth           0%           89%         1
 Sting                    Tmut/Pois      0%           89%         1
 Summon Small Mammal      Summ           0%           89%         1
 Blink                    Tloc           N/A          96%         2
 Call Imp                 Summ           0%           96%         2
 Ensorcelled Hibernation  Hex/Ice        0%           96%         2
 Passwall                 Tmut/Erth      0%           96%         2
 Poisonous Vapours        Pois/Air       0%           96%         2
 Slow                     Hex            0%           96%         2
 Call Canine Familiar     Summ           0%           99%         3
 Confusing Touch          Hex            0%           99%         3
 Conjure Flame            Conj/Fire      0%           99%         3
 Dazzling Flash           Conj/Hex       0%           99%         3
 Ignite Poison            Fire/Tmut/Pois 0%           99%         3
 Inner Flame              Hex/Fire       0%           99%         3
 Mephitic Cloud           Conj/Pois/Air  0%           99%         3
 Stone Arrow              Conj/Erth      0%           99%         3
 Summon Guardian Golem    Hex/Summ       0%           99%         3
 Tukima's Dance           Hex            0%           99%         3
 Olgreb's Toxic Radiance  Pois           0%           100%        4
 Petrify                  Tmut/Erth      0%           100%        4
 Sticky Flame             Conj/Fire      0%           100%        4
 Summon Ice Beast         Ice/Summ       0%           100%        4
 Summon Lightning Spire   Summ/Air       0%           100%        4
 Fireball                 Conj/Fire      0%           100%        5
 Lee's Rapid Deconstruct  Erth           0%           100%        5
 Silence                  Hex/Air        0%           100%        5
 Conjure Ball Lightning   Conj/Air       0%           100%        6
 Starburst                Conj/Fire      0%           100%        6
 Ignition                 Fire           0%           100%        8
 Tornado                  Air            0%           100%        9


Dungeon Overview and Level Annotations

Branches:
Dungeon (10/15)            Temple (1/1) D:6            Lair (5/6) D:8
 Shoals (0/4) Lair:2       Spider (0/4) Lair:3          Orc (2/2) D:10
    Elf (0/3) Orc:2
  Slime: Lair:5-6

Altars:
Ashenzari
Cheibriados
Dithmenos
Elyvilon
Fedhas
Gozag
Hepliaklqana
Kikubaaqudgha
Makhleb
Nemelex Xobeh
Okawaru
Qazlal
Ru
Sif Muna
Uskayaw
Vehumet
Wu Jian
Xom
Yredelemnul
Zin
The Shining One
Beogh

Shops:
D:7 :[(   Orc:2 *?

Annotations:
D:7 exclusion: downstairs
Lair:4 3 runed translucent doors, nightchill's ghost, journeyman HOFE


Message History

The orc warrior completely misses you. You block the orange demon's attack.
The orc high priest hits you but does no damage.
The ynoxinul gestures.
The orc warrior completely misses you.
Unknown command.
You hit the orc warrior.
You kill the orc warrior!
You block the rust devil's attack.
Unknown command.
The orange demon misses you. You block the orange demon's attack.
The ynoxinul gestures at you. The iron shot misses you.
The orc warrior completely misses you.
There is a staircase to the Elven Halls, spattered with blood here.
Items here: ))) [[[ †.
Unknown command.
You block the orange demon's attack.
The orc warrior throws a boomerang.
You block the boomerang.
The weapon returns to the orc warrior!
The orc high priest mumbles some strange prayers to Beogh against you.
Beogh smites you!
You die...

........## ....#.#.4##
.#....##.)## ###
###...###..## ##.## #
##.o.###[.####...#
##...###..##...##
##...###o.....##
##...###...[..#
##o#o###.o@.##
##...###>.###
#.#.###oo4#.##
#oo.###.34....#
#.oo###5###.#.###
#33o###.5.######.##
#o..###.#[######...# .
o...# #...##.#.##..##
...#.####...#........#


You could see an orc high priest, an orange demon (summoned), a rust devil
(summoned), a ynoxinul (summoned), an orc sorcerer, an orc warrior (fast, agile,
slow), an orc priest (blind) and 2 ufetubi.

Vanquished Creatures
  3 hydras
  Erica (Lair:1)
  A two-headed ogre (D:8)
  A sixfirhy (Orc:2)
  An orc knight (Orc:2)
  4 orc sorcerers
  2 deep elf magi (Orc:2)
  10 cane toads
  Psyche (D:9)
  A rust devil (Orc:1)
  A smoke demon (Orc:2)
  5 black mambas
  12 elephants
  6 komodo dragons
  12 rime drakes
  3 ice devils
  2 merfolk (Lair:2)
  2 trolls
  26 blink frogs
  3 wyverns
  17 yaks
  2 basilisks
  7 steam dragons
  3 wargs
  Menkaure (D:7)
  6 water moccasins
  Duvessa (D:7)
  4 ice beasts
  A swamp drake (Orc:2)
  A sky beast (D:8)
  2 black bears
  25 orc warriors
  2 phantoms
  4 centaurs
  4 ogres
  15 wolves
  21 bullfrogs
  A gnoll sergeant (D:8)
  Dowan (D:7)
  3 scorpions
  4 killer bees (D:8)
  4 wights (D:8)
  A howler monkey (D:6)
  21 orc priests
  5 hounds
  11 orc wizards
  2 iguanas
  8 worker ants
  A hound zombie (D:8)
  A hound skeleton (D:6)
  12 gnolls
  A howler monkey skeleton (D:7)
  17 adders
  3 shadow imps
  6 white imps
  An ufetubus (D:8)
  5 adder skeletons
  2 adder zombies
  5 leopard geckos
  66 orcs
  2 bats (D:3)
  5 giant cockroaches
  19 goblins
  9 hobgoblins
  9 jackals
  8 kobolds
  3 quokkas
  A ball python (D:3)
  A ball python skeleton (D:4)
  5 frilled lizards
  A jackal zombie (D:9)
  A quokka skeleton (D:5)
  8 rats
466 creatures vanquished.

Vanquished Creatures (others)
  An orc (Orc:2)
  A bush (Lair:2)
  14 fungi
  25 plants
41 creatures vanquished.

Grand Total: 507 creatures vanquished

Notes
Turn   | Place    | Note
-------+----------+-------------------------------------------
     0 | D:1      | nightchill the Merfolk Fighter began the quest for the Orb.
     0 | D:1      | Reached XP level 1. HP: 18/18 MP: 1/1
    63 | D:1      | Reached skill level 4 in Polearms
    63 | D:1      | Reached XP level 2. HP: 23/24 MP: 2/2
   369 | D:1      | Reached XP level 3. HP: 30/30 MP: 3/3
   765 | D:2      | Reached skill level 5 in Polearms
   902 | D:2      | Reached XP level 4. HP: 29/37 MP: 4/4
  1288 | D:2      | Found a stormy altar of Qazlal.
  1645 | D:3      | Reached skill level 6 in Polearms
  1669 | D:3      | Reached XP level 5. HP: 43/43 MP: 5/5
  1735 | D:3      | Reached skill level 7 in Polearms
  1990 | D:4      | Noticed an ogre
  1999 | D:4      | Killed an ogre
  2000 | D:4      | Reached skill level 5 in Fighting
  2000 | D:4      | Reached XP level 6. HP: 48/51 MP: 6/6
  2128 | D:4      | Reached skill level 8 in Polearms
  3056 | D:4      | Noticed a phantom
  3089 | D:4      | Killed a phantom
  3090 | D:4      | Reached XP level 7. HP: 47/56 MP: 7/7
  3195 | D:4      | Reached skill level 9 in Polearms
  3240 | D:4      | Got a transparent spear
  3241 | D:4      | Identified the +8 spear "Methrar" {vorpal, rElec} (You
                  | found it on level 4 of the Dungeon)
  3390 | D:5      | Entered Level 5 of the Dungeon
  3917 | D:5      | Found a shimmering altar of Xom.
  4094 | D:6      | Reached skill level 10 in Polearms
  4288 | D:6      | Reached XP level 8. HP: 62/65 MP: 8/8
  4516 | D:6      | Reached skill level 11 in Polearms
  4716 | D:6      | Found a staircase to the Ecumenical Temple.
  5013 | D:6      | Reached skill level 12 in Polearms
  5193 | Temple   | Entered the Ecumenical Temple
  5295 | Temple   | Became a worshipper of Zin the Law-Giver
  5295 | Temple   | Reached * piety under Zin
  5517 | D:7      | Found an opulent altar of Gozag.
  5518 | D:7      | Found Buethrad's Book Boutique.
  5580 | D:7      | Found a sacrificial altar of Ru.
  5589 | D:7      | Reached skill level 1 in Invocations
  5614 | D:7      | Noticed Menkaure
  5620 | D:7      | Killed Menkaure
  5628 | D:7      | Noticed Duvessa
  5633 | D:7      | Reached XP level 9. HP: 72/72 MP: 10/10
  5637 | D:7      | Killed Duvessa
  5638 | D:7      | Noticed Dowan
  5640 | D:7      | Reached ** piety under Zin
  5653 | D:7      | Killed Dowan
  5703 | D:7      | Found Sydiapsu's Antique Weapon Shop.
  5712 | D:7      | Found Iles's Antique Armour Emporium.
  6108 | D:7      | Reached skill level 13 in Polearms
  6287 | D:8      | Got a dazzling trident
  6293 | D:8      | Identified the +11 trident of the Howling Asp {drain, Int+3
                  | Dex+4} (You found it on level 8 of the Dungeon)
  6382 | D:8      | Found a roughly hewn altar of Beogh.
  6481 | D:8      | Noticed a two-headed ogre
  6489 | D:8      | Killed a two-headed ogre
  6526 | D:8      | Reached skill level 14 in Polearms
  6538 | D:8      | Reached skill level 1 in Dodging
  6896 | D:8      | Reached XP level 10. HP: 74/82 MP: 11/13
  6899 | D:8      | Reached skill level 5 in Invocations
  7183 | D:8      | Noticed a five-headed hydra
  7198 | D:8      | Killed a five-headed hydra
  7199 | D:8      | Reached skill level 5 in Dodging
  7443 | D:8      | Reached *** piety under Zin
  7444 | D:8      | Noticed a red ugly thing
  7649 | D:8      | Found a staircase to the Lair.
  8745 | D:9      | Noticed Psyche
  8755 | D:9      | Killed Psyche
  9339 | D:9      | Found an iron altar of Okawaru.
  9339 | D:9      | Found a glowing golden altar of the Shining One.
  9339 | D:9      | Found a burning altar of Makhleb.
  9570 | D:9      | Reached **** piety under Zin
  9808 | D:9      | Got a steaming leather armour
  9869 | D:10     | Entered Level 10 of the Dungeon
 10102 | D:10     | Found a staircase to the Orcish Mines.
 10447 | D:10     | Reached XP level 11. HP: 89/89 MP: 16/16
 10471 | D:10     | Reached ***** piety under Zin
 10753 | Lair:1   | Entered Level 1 of the Lair of Beasts
 10998 | Lair:1   | Noticed Erica
 11024 | Lair:1   | Killed Erica
 11497 | Lair:1   | Reached skill level 10 in Fighting
 12236 | Lair:1   | Noticed a six-headed hydra
 12261 | Lair:1   | Killed a six-headed hydra
 12854 | Lair:2   | Reached skill level 10 in Dodging
 13126 | Lair:2   | Found a staircase to the Shoals.
 13152 | Lair:2   | Reached XP level 12. HP: 81/98 MP: 19/19
 13474 | Lair:2   | Reached skill level 10 in Invocations
 13482 | Lair:2   | Reached skill level 5 in Armour
 14986 | Lair:3   | Found a hole to the Spider Nest.
 15585 | Lair:4   | Identified the cursed +1 leather armour "Ytachid" {Str+6}
                  | (You found it on level 9 of the Dungeon)
 15591 | Lair:4   | Noticed a six-headed hydra
 15602 | Lair:4   | Killed a six-headed hydra
 15637 | Lair:4   | Found a runed translucent gate.
 15638 | Lair:4   | Noticed a 13-headed hydra
 15641 | Lair:4   | Noticed nightchill's ghost (journeyman HOFE)
 15819 | Lair:3   | Reached XP level 13. HP: 54/106 MP: 21/21
 16753 | Lair:4   | Found a runed translucent gate.
 16753 | Lair:4   | Found a runed translucent gate.
 18254 | Lair:5   | Noticed a fire dragon
 18650 | Orc:1    | Entered Level 1 of the Orcish Mines
 18669 | Orc:1    | Noticed an orc warlord
 19338 | Orc:2    | Entered Level 2 of the Orcish Mines
 19996 | Orc:2    | Found a staircase to the Elven Halls.
 20472 | Orc:2    | Found Yseats's General Store.
 20473 | Orc:2    | Found Vipeppar's Magic Scroll Shop.
 20522 | Orc:2    | Reached XP level 14. HP: 71/115 MP: 23/23
 20708 | Orc:1    | HP: 5/115 [ice devil (19)]
 21316 | Orc:2    | Reached skill level 5 in Shields
 21500 | Orc:2    | HP: 2/115 [rust devil[an orc high priest] (8)]
 21505 | Orc:2    | HP: 1/115 [orc high priest/+0 dire flail (1)]
 21510 | Orc:2    | Killed from afar by an orc high priest

Illustrated notes

Levels and vault maps discovered:
D:1:      amcnicky_arrival_choice, layout_basic, grunt_decor_arrowhead,
          feat_on_display
D:2:      layout_rooms, nicolae_qazlal_eye_of_the_storm,
          kennysheep_generic_room_13
D:3:      layout_basic
D:4:      corexii_shack_village, layout_basic
D:5:      layout_loops_ring, kennysheep_mini
D:6:      layout_gridville, temple_statues, grunt_ministairs_11
D:7:      layout_basic, nicolae_gozag_seed_capital, hangedman_ru_absence,
          serial_shops, nicolae_shop_crystal, shop, shop, uniq_menkaure,
          uniq_duvessa
D:8:      hangedman_cross_stitches, layout_basic,
          nicolae_overflow_hidden_temple, david_lair_shrubbed,
          david_defended_altar_orc
D:9:      layout_layer_cave, chequers_temple_overflow_statue_of_worship,
          uniq_psyche
D:10:     layout_basic, erik_orc_3
Temple:   minmay_temple_curvy_branch
Lair:1:   layout_chaotic_city, serial_bayou_ford_a,
          chequers_serial_rivers_large_b, uniq_erica
Lair:2:   layout_chaotic_city, elwin_shoals_entry_rooms, minmay_lindwurm_lava
Lair:3:   layout_cave_pods, dummy_spider_entry, infiniplex_staircase_pool_2
Lair:4:   layout_regular_city, gammafunk_ghost_hydra_chop,
          gauntlet_entry_generic
Lair:5:   layout_regular_city, bobbens_dragon_lair_wall, grunt_megastairs_3
Orc:1:    layout_caves, serial_shops, shop, nicolae_shop_stone, shop_coins,
          rock_pile
Orc:2:    pf_orc_diabolical, layout_caves, hangedman_minor_magic

Skill      XL: |  1  2  3  4  5  6  7  8  9 10 11 12 13 14 |
---------------+-------------------------------------------+-----
Polearms       | 4 5 6 7 8 10 12 14 | 14.0
Fighting       | 4 5 6 7 8 9 10 11 12 | 12.2
Invocations    | 1 4 7 9 11 13 | 13.3
Dodging        | 2 7 10 12 13 | 13.9
Armour         | 3 4 5 6 |  6.9
Shields        | 4 5 |  5.3

Action                   |  1- 3 |  4- 6 |  7- 9 | 10-12 | 13-15 || total
-------------------------+-------+-------+-------+-------+-------++-------
Melee: Trident           |    86 |   255 |    24 |       |       ||   365
       Spear             |       |       |   224 |   835 |   766 ||  1825
       Tailslap          |       |       |       |     5 |       ||     5
Throw: Throwing net      |       |       |       |     1 |     3 ||     4
Invok: Recite            |       |       |     1 |     5 |    13 ||    19
       Vitalisation      |       |       |     1 |    13 |    10 ||    24
       Imprison          |       |       |       |     1 |     1 ||     2
       Sanctuary         |       |       |       |       |     1 ||     1
Evoke: Wand              |       |       |       |       |     2 ||     2
  Use: Potion            |       |       |     1 |       |     6 ||     7
       Scroll            |       |       |       |    21 |       ||    21
 Stab: Confused          |       |       |       |     2 |     6 ||     8
       Held in net/web   |       |       |       |     1 |     1 ||     2
       Sleeping          |       |       |       |     1 |       ||     1
       Paralysed         |       |       |       |       |    11 ||    11
       Invisible         |       |       |       |       |     8 ||     8
Armor: Scale mail        |    21 |    79 |    32 |    16 |       ||   148
       Quicksilver drago |       |       |       |   136 |   113 ||   249
Dodge: Dodged            |    12 |    45 |    16 |   308 |   410 ||   791
       Repelled          |       |       |       |     1 |    17 ||    18
Block: Kite shield       |    31 |    80 |    49 |   237 |   250 ||   647
